Map: [ESL] Radhuset Station

Players

RedpackCuKu (CuKu)

  • Race: Terran Terran
  • League: Master
  • Spawn Location: 7:00

Astrea - Winner!

  • Race: Protoss Protoss
  • League: Master
  • Spawn Location: 1:00

Event: HomeStory Cup XXIV

VOD

Have the link to the VOD?

Description

Time

  • Played on: Dec. 1, 2023, noon
  • Length: 5:52

All games in this series

Show
View Real Time Build Order
Export as new Build Order

RedpackCuKu Terran 

Build Orders:  

Get SALT Encoding   

  12  0:00  SCV  
  13  0:12  SCV  
  14  0:17  Supply Depot  
  14  0:24  SCV  
  15  0:39  SCV  
  15  0:41  Barracks  
  16  0:46  Refinery  
  16  0:51  SCV  
  17  1:03  SCV  
  18  1:15  SCV  
  19  1:28  Barracks Reactor  
  19  1:29  Orbital Command  
  19  1:42  Command Center  
  19  1:51  Supply Depot  
  19  1:55  SCV  
  20  2:04  Marine x2  
  20  2:07  SCV  
  23  2:14  Factory  
  23  2:19  Refinery  
  23  2:23  Marine x2  
  23  2:26  SCV  
  26  2:38  SCV  
  26  2:42  Marine x2  
  29  2:51  SCV  
  29  2:55  Orbital Command  
  30  2:58  Starport  
  30  3:07  Cyclone  
  30  3:10  Cyclone  
  34  3:15  Supply Depot  
  34  3:24  Barracks Tech Lab  
  34  3:32  Barracks  
  34  3:34  Barracks  
  34  3:37  Medivac  
  36  3:48  Barracks  
  36  3:52  Siege Tank  
  39  3:55  Marine  
  39  3:56  Marine  
  41  4:13  Liberator  
  41  4:16  Marine x2  
  46  4:20  Marine  
  46  4:21  Supply Depot  
  46  4:22  Marine  
  48  4:33  Siege Tank  
  48  4:34  Marine x2  
  48  4:38  Marine  
  54  4:42  Marine x2  
  54  4:44  Supply Depot  
  50  4:54  Marine  
  48  5:00  Marine  
  44  5:20  Marine  
  44  5:21  Marine  
  44  5:22  Marine  
  44  5:28  Marine  
  43  5:39  Engineering Bay  
Show
View Real Time Build Order
Export as new Build Order

Astrea Protoss - Winner!

Build Orders: Phoenix Opening, Dark Templar Rush 

Get SALT Encoding   

  12  0:00  Probe  
  13  0:12  Probe  
  14  0:16  Pylon  
  14  0:24  Probe (Chrono Boost)  
  16  0:36  Gateway, Probe (Chrono Boost)  
  16  0:43  Probe (Chrono Boost)  
  16  0:45  Assimilator  
  17  0:51  Probe  
  17  0:53  Assimilator  
  18  1:03  Probe (Chrono Boost)  
  18  1:04  Pylon  
  19  1:13  Probe (Chrono Boost)  
  19  1:18  Probe (Chrono Boost)  
  20  1:23  Cybernetics Core  
  21  1:29  Probe  
  24  1:41  Probe  
  25  1:53  Nexus  
  23  1:58  Sentry (Chrono Boost)  
  23  1:59  Warp Gate  
  26  2:14  Twilight Council  
  26  2:18  Stalker (Chrono Boost)  
  26  2:22  Probe  
  28  2:27  Pylon  
  28  2:28  Phoenix  
  28  2:40  Gateway  
  28  2:50  Robotics Facility  
  28  2:59  Gateway  
  28  3:07  Dark Shrine  
  28  3:16  Stalker  
  30  3:23  Probe x2  
  32  3:35  Warp Prism (Chrono Boost)  
  34  3:48  Probe x2  
  36  4:01  Probe x2  
  38  4:13  Probe x2  
  40  4:19  Dark Templar x2  
  44  4:24  Dark Templar  
  46  4:32  Probe x2  
  48  4:51  Dark Templar  
  48  4:54  Probe x2  
  50  5:06  Probe  
  49  5:13  Shield Battery  
  49  5:14  Pylon  
  49  5:15  Dark Templar  
  51  5:22  Pylon  
  51  5:33  Probe x2  
  51  5:44  Stalker x2  
  56  5:52  Assimilator  
Tags
 
Add a new tag
Caveats
  • Supply blocks, unpowered buildings, or Contaminate may cause inaccurate times.
  • Supply counts are checked every 10 seconds.